 Dungeon Crawl Stone Soup version 0.29.1-12-g30fa7ad0bf (webtiles) character file.

Game seed: 10650569404794977155

37 hawla the Chiller (level 3, -1/26 HPs)
             Began as a Meteoran Ice Elementalist on Dec 26, 2022.
             Splashed by a jelly's acid (7 damage)
             ... on level 4 of the Dungeon.
             The game lasted 00:00:57 (192 turns).

hawla the Chiller (Meteoran Ice Elementalist)        Turns: 192, Time: 00:00:57

Health: -1/26      AC: -2    Str:  9    XL:     3   Next: 85%
Magic:  5/8        EV: 12    Int: 19    God:
Gold:   2          SH:  0    Dex: 14    Spells: 4/8 levels left

rFire   . . .      SeeInvis .   (no weapon)
rCold   . . .      Faith    .   (no shield)
rNeg    . . .      Spirit   .   a - +0 robe
rPois   .          Reflect  .   (no helmet)
rElec   .          Harm     .   (no cloak)
rCorr   .          Rampage  .   (no gloves)
Will    .....                   (no boots)
Stlth   +.........              (no amulet)
HPRegen 0.08/turn               (no ring)
MPRegen 0.11/turn               (no ring)

@: corroded, glowing
A: sense surroundings 1, otherworldly, glowing, explore regen
a: no special abilities


You were on level 4 of the Dungeon.
You visited 1 branch of the dungeon, and saw 4 of its levels.

You collected 2 gold pieces.

Inventory:

Armour
 a - a +0 robe (worn)
Scrolls
 d - a scroll of teleportation {unknown}
Potions
 b - a potion of magic
 c - 2 potions of curing {unknown}


   Skills:
 + Level 2.6 Dodging
 - Level 1.4 Stealth
 + Level 3.1 Spellcasting
 + Level 5.3 Ice Magic


You had 4 spell levels left.
You knew the following spells:

 Your Spells              Type           Power      Damage    Failure   Level
a - Freeze                Ice            92%        1d10      1%          1
b - Frozen Ramparts       Ice            46%        1d7       4%          3

Your spell library contained the following spells:

 Spells                   Type           Power      Damage    Failure   Level
 Ozocubu's Armour         Ice            23%        N/A       4%          3
 Hailstorm                Conj/Ice       13%        3d5       45%         4


Dungeon Overview and Level Annotations

Branches:
Dungeon (4/15) Zot: 2207
 Temple: D:4-7

Altars:


Innate Abilities, Weirdness & Mutations

You passively map a small area around you.
You are easily found by Zot.
You glow in the dark.
You regain HP and MP as you explore.


Message History

Your experience leads to an increase in your attributes!
Increase (S)trength, (I)ntelligence, or (D)exterity?
You feel clever. x3
This spell is quite dangerous to cast!
Memorise Frozen Ramparts, consuming 3 spell levels and leaving 4?
You start memorising the spell.
You continue memorising. x3
Your magical contamination has completely faded away.
You finish memorising.
Spell assigned to 'b'.
Okay, then.
A jelly comes into view.
Found a scroll labelled ASHODUPHAJ.
No target in view!
No target in view!
Casting: Freeze (safe; 1% risk of failure)
Confirm with . or Enter, or press ? or * to list all spells.
Aiming: Freeze (safe; 1% risk of failure)
Press: ? - help, Shift-Dir - straight line, f - jelly
Aim: a jelly You freeze the jelly.
The jelly is moderately wounded.
The jelly hits you. The acid corrodes you!
You are splashed with acid.
Casting: Freeze (safe; 1% risk of failure)
Confirm with . or Enter, or press ? or * to list all spells.
Aiming: Freeze (safe; 1% risk of failure)
Press: ? - help, Shift-Dir - straight line, f/p - jelly
Aim: a jelly (moderately wounded)
You freeze the jelly.
The jelly is moderately wounded.
The jelly hits you.
You are splashed with acid!
Casting: Freeze (safe; 1% risk of failure)
Confirm with . or Enter, or press ? or * to list all spells.
Aiming: Freeze (safe; 1% risk of failure)
Press: ? - help, Shift-Dir - straight line, f/p - jelly
Aim: a jelly (moderately wounded)
You freeze the jelly.
The jelly is heavily wounded.
The jelly hits you.
* * * LOW HITPOINT WARNING * * *
You are splashed with acid!
You die...

.# #..., , . *..# * , ,
### ##. ** *..# , #..
..., ,..# , #. #.# #.# *
#.# ,.. #.# #.#
######.#####.# , #.#
#.###^...........#,
#.###...#.####.##....#..
#<##.###..# #..@?......
#.#.## ##.#* ####J##.#.#
#..## ##.# ... #†.# ...
....., #..# *..##**
.##.#.# #...* ... ,.#*.#
# ####. #### .# # #., ..
#.


You could see a jelly.

Vanquished Creatures
  An iguana (D:4)
  An adder (D:3)
  A dart slug (D:3)
  A rat (D:3)
4 creatures vanquished.

Notes
Turn   | Place    | Note
-------+----------+-------------------------------------------
     0 | D:1      | hawla the Meteoran Ice Elementalist began the quest for the
                  | Orb.
     0 | D:1      | Reached XP level 1. HP: 14/14 MP: 5/5
   120 | D:3      | Reached XP level 2. HP: 19/20 MP: 1/6
   170 | D:4      | Reached skill level 5 in Ice Magic
   170 | D:4      | Reached XP level 3. HP: 26/26 MP: 2/8
   174 | D:4      | Learned a level 3 spell: Frozen Ramparts
   192 | D:4      | Splashed by a jelly's acid

Illustrated notes

Levels and vault maps discovered:
D:1:      amcnicky_arrival_abandoned_market, layout_basic,
          shapermc_ecumenical_altar_petra, nicolae_figureground_pulse
D:2:      layout_basic
D:3:      layout_loops_ring, lemuel_round_altar, roderic_serpentine_path
D:4:      layout_loops_ring, grunt_qazlal_clouds, serial_shops,
          nicolae_diamond_shop

Skill      XL: |  1  2 |
---------------+-------+-----
Spellcasting   | 3 |  3.1
Ice Magic      | 5 |  5.3
Dodging        | |  2.6
Stealth        | |  1.4

Action                   || total
-------------------------++-------
 Cast: Freeze            ||    12
Armor: Robe              ||     1
Dodge: Dodged            ||     5
